 Dungeon Crawl Stone Soup version 0.28-a0-224-g76b539d98b (webtiles) character file.

Game seed: 1278843314413770325

44 internetguy the Skirmisher (level 3, -2/29 HPs)
             Began as a Demonspawn Fighter on Aug 21, 2021.
             Frozen to death by an endoplasm (3 damage)
             ... on level 2 of the Dungeon.
             The game lasted 00:09:06 (1709 turns).

internetguy the Skirmisher (Demonspawn Fighter)     Turns: 1709, Time: 00:09:06

Health: -2/29      AC:  6    Str: 17    XL:     3   Next: 39%
Magic:  3/3        EV:  7    Int:  9    God:
Gold:   44         SH: 12    Dex: 12    Spells: 2/2 levels left

rFire   . . .      SeeInvis .   a - +0 long sword
rCold   . . .      Faith    .   c - +0 kite shield
rNeg    . . .      Spirit   .   b - +0 scale mail
rPois   .          Reflect  .   (no helmet)
rElec   .          Harm     .   (no cloak)
rCorr   +          Rampage  .   (no gloves)
Will    .....                   (no boots)
Stlth   ..........              (no amulet)
HPRegen 0.09/turn               f - ring of resist corrosion
MPRegen 0.08/turn               (no ring)

@: no status effects
A: talons 1, condensation shield
a: no special abilities


You were on level 2 of the Dungeon.
You visited 1 branch of the dungeon, and saw 2 of its levels.

You collected 44 gold pieces.

Inventory:

Hand Weapons
 a - a +0 long sword (weapon)
Armour
 b - a +0 scale mail (worn)
 c - a +0 kite shield (worn)
Magical Staves
 k - a staff of air
Jewellery
 f - a ring of resist corrosion (left hand)
Scrolls
 e - 2 scrolls of identify {unknown}
 g - a scroll of fear {unknown}
 h - 2 scrolls of enchant weapon {unknown}
 i - a scroll of amnesia {unknown}
 l - a scroll of fog {unknown}
 m - a scroll of magic mapping {unknown}
 n - a scroll of enchant armour {unknown}
 o - a scroll of teleportation {unknown}
Potions
 d - a potion of might
 j - a potion of cancellation {unknown}


   Skills:
 + Level 3.5 Fighting
 + Level 2.5 Long Blades
 + Level 3.0 Armour
 + Level 0.1 Dodging
 + Level 2.9 Shields


You had 2 spell levels left.
You didn't know any spells.
Your spell library contained the following spells:

 Spells                   Type           Power      Damage    Failure   Level
 Apportation              Tloc           0%         N/A       100%        1
 Alistair's Intoxication  Tmut/Pois      0%         N/A       100%        5
 Invisibility             Hex            0%         N/A       100%        6


Dungeon Overview and Level Annotations

Branches:
Dungeon (2/15)

Altars:


Innate Abilities, Weirdness & Mutations

You have sharp toenails.
A meltable shield of frost defends you. (SH +4)


Message History

You are frozen.
You feel sick. The bat hits you. You block the bat's attack.
You block the endoplasm's attack.
You hit the bat.
The bat is heavily wounded.
You feel sick. The bat hits you but does no damage. x2
The endoplasm freezes you.
You are frozen.
You block the bat's attack.
You are too injured to fight recklessly!
You are too injured to fight recklessly!
You are too injured to fight recklessly!
You are too injured to fight recklessly!
You hit the bat.
You kill the bat!
You feel sick. You block the endoplasm's attack. x2
You feel sick.
You are no longer poisoned.
The endoplasm freezes you.
You are frozen.
* * * LOW HITPOINT WARNING * * *
You see here 12 gold pieces.
You are too injured to fight recklessly!
You hit the endoplasm but do no damage. You claw the endoplasm.
The endoplasm is moderately wounded.
You block the endoplasm's attack.
You hit the endoplasm.
The endoplasm is almost dead.
The endoplasm freezes you.
You are frozen.
* * * LOW HITPOINT WARNING * * *
The endoplasm freezes you.
You are frozen.
* * * LOW HITPOINT WARNING * * *
Unknown command.
Press: ? - help, v - describe, . - travel
Here: an endoplasm (almost dead)
The floor.
The endoplasm freezes you.
You are frozen.
You die...

### ## ...
#.. ..##...
#.#####......
#.##........
#.##.##...$
#@......#
#$J.....#
##......#
#.#.##.##
#..)....#
#.####..#
#.##....#
#.......# .#
#.##.##.# #.


You could see an endoplasm.

Vanquished Creatures
  An adder (D:2)
  3 dart slugs (D:1)
  4 endoplasms
  A giant cockroach (D:1)
  A goblin (D:1)
  4 hobgoblins
  A quokka (D:1)
  6 bats
  A frilled lizard (D:1)
  A kobold (D:2)
  4 rats
27 creatures vanquished.

Notes
Turn   | Place    | Note
-------+----------+-------------------------------------------
     0 | D:1      | internetguy the Demonspawn Fighter began the quest for the
                  | Orb.
     0 | D:1      | Reached XP level 1. HP: 18/18 MP: 1/1
   311 | D:1      | Gained mutation: You have sharp toenails. [demonic
                  | ancestry]
   311 | D:1      | Reached XP level 2. HP: 22/24 MP: 2/2
   955 | D:1      | Found a faded altar of an unknown god.
  1458 | D:2      | Gained mutation: A meltable shield of frost defends you.
                  | (SH +4) [demonic ancestry]
  1458 | D:2      | Reached XP level 3. HP: 25/29 MP: 3/3
  1708 | D:2      | HP: 1/29 [frozen (5)]
  1709 | D:2      | Frozen to death by an endoplasm

Illustrated notes

Levels and vault maps discovered:
D:1:      minmay_arrival_solitary_statue, layout_rooms, serial_co_window_serial,
          co_window_corner_a, co_window_of_opportunity_a,
          co_window_of_opportunity_a, co_window_of_opportunity_a,
          co_window_paths_b, co_window_of_opportunity_c, co_window_corner_b,
          co_window_corner_b, co_window_unsneaky_path_c,
          co_window_unsneaky_path_b, co_window_unsneaky_path_c,
          co_window_4corner_a, glass_columns_b,
          ebering_ecumenical_altar_petrified
D:2:      layout_loops_cross

Skill      XL: |  1  2 |
---------------+-------+-----
Long Blades    | 2 |  2.5
Armour         | 3 |  3.0
Fighting       | |  3.5
Dodging        | |  0.1
Shields        | |  2.9

Action                   || total
-------------------------++-------
Melee: Long sword        ||    79
       Kick              ||     8
Armor: Scale mail        ||    51
Dodge: Dodged            ||    26
Block: Kite shield       ||    37
       Rpst.: Long sword ||     6

Table legend: (Time is in decaauts)
 A = Elapsed time spent in this place.
 B = Non-inter-level travel time spent in this place.
 C = Inter-level travel time spent in this place.
 D = Time resting spent in this place.
 E = Time spent auto-exploring this place.
 F = Levels seen in this place.
 G = Mean time per level.
                   A        B        C        D        E       F      G
               +--------+--------+--------+--------+--------+-----+--------+
         Total |   1751 |   1724 |     27 |      0 |   1433 |   2 |  875.5 |
       Dungeon |   1751 |   1724 |     27 |      0 |   1433 |   2 |  875.5 |
               +--------+--------+--------+--------+--------+-----+--------+

Top non-repeatable levels by time:
     D:1: 1222 daAuts
     D:2: 528 daAuts
